 Dungeon Crawl Stone Soup version 0.30-a0-134-gb40fab5c76 (webtiles) character file.

Game seed: 11415523411899423131

91 Kinoniko the Slasher (level 4, 0/45 HPs)
             Began as a Minotaur Monk on Sept 20, 2022.
             Slain by Grinder (4 damage)
             ... on level 3 of the Dungeon.
             The game lasted 00:02:21 (2153 turns).

Kinoniko the Slasher (Minotaur Monk)                Turns: 2153, Time: 00:02:21

Health: 0/45       AC:  7    Str: 16    XL:     4   Next: 33%
Magic:  2/2        EV: 10    Int:  7    God:
Gold:   63         SH:  0    Dex: 14    Spells: 3/3 levels left

rFire   . . .      SeeInvis .    a - +0 falchion
rCold   . . .      Faith    .    (no shield)
rNeg    . . .      Spirit   .    n - +0 scale mail
rPois   .          Reflect  +    (helmet restricted)
rElec   .          Harm     .    (no cloak)
rCorr   .          Rampage  .    i - +0 pair of gloves
Will    +....                    (no boots)
Stlth   ..........               d - amulet of reflection
HPRegen 0.15/turn                (no ring)
MPRegen 0.08/turn                (no ring)

@: confused, brilliant, ambrosia-drunk, flying
A: horns 2, retaliatory headbutt, low MP 1, strong-willed 1, robust 1
a: no special abilities


You were on level 3 of the Dungeon.
You visited 1 branch of the dungeon, and saw 3 of its levels.

You collected 63 gold pieces.

Inventory:

Hand Weapons
 a - a +0 falchion (weapon)
Armour
 b - a +0 robe
 f - a +0 ring mail
 i - a +0 pair of gloves (worn)
 n - a +0 scale mail (worn)
Jewellery
 d - an amulet of reflection (around neck)
Wands
 r - a wand of roots (8)
Scrolls
 j - 3 scrolls of identify {unknown}
 l - a scroll of summoning {unknown}
 m - 3 scrolls of blinking {unknown}
 p - a scroll of amnesia {unknown}
 q - a scroll of magic mapping {unknown}


   Skills:
 - Level 4.5 Fighting
 * Level 5.5 Long Blades
 + Level 3.4 Dodging
 - Level 1.5 Stealth


You had 3 spell levels left.
You didn't know any spells.
Your spell library contained the following spells:

 Spells                   Type           Power      Damage    Failure   Level
 Beastly Appendage        Tmut           0%         N/A       87%         1
 Necrotise                Necr           0%         1d4       87%         1
 Wereblood                Tmut           0%         N/A       95%         2
 Spider Form              Tmut/Pois      0%         N/A       99%         3
 Vampiric Draining        Necr           0%         2d6       99%         3
 Agony                    Necr           0%         N/A       100%        5


Dungeon Overview and Level Annotations

Branches:
Dungeon (3/15)

Altars:

Annotations:
D:3 Grinder


Innate Abilities, Weirdness & Mutations

You have a pair of horns on your head.
You reflexively headbutt those who attack you in melee.
Your magical capacity is low. (-10% MP)
You are strong-willed. (Will+)
You are robust. (+10% HP)


Message History

You writhe in agony.
* * * LOW HITPOINT WARNING * * *
You hit Grinder but do no damage. You headbutt Grinder, but do no damage.
Grinder is moderately wounded.
Grinder gestures at you.
You easily resist.
Unknown command.
Unknown command.
You feel better. Grinder misses you.
You are confused.
You feel invigorated. Grinder closely misses you.
Unknown command.
You completely miss Grinder. Your headbutt misses Grinder.
Grinder is moderately wounded.
Grinder grins, showing sharp teeth.
Grinder hits you.
* * * LOW HITPOINT WARNING * * *
You writhe in agony.
* * * LOW HITPOINT WARNING * * *
You miss Grinder.
Grinder is moderately wounded.
Grinder hits you.
* * * LOW HITPOINT WARNING * * *
You writhe in agony.
* * * LOW HITPOINT WARNING * * *
Unknown command.
You hit Grinder.
Grinder is moderately wounded.
Grinder hits you.
* * * LOW HITPOINT WARNING * * *
You writhe in agony.
* * * LOW HITPOINT WARNING * * *
Unknown command.
Unknown command.
You completely miss Grinder.
Grinder is moderately wounded.
Grinder hits you.
* * * LOW HITPOINT WARNING * * *
You writhe in agony.
You die...

. .## # ..# #. #.# #
#.###.##.# #$...... ##
####..)#.#########>..##
+..............@5......
####...#.#########...##
##.##.# ## ## #.# #.#
####.# ######....#
.......#### #####..#


You could see Grinder.

Vanquished Creatures
  Terence (D:2)
  An adder (D:2)
  A worm (D:2)
  A dart slug (D:1)
  A ball python (D:1)
  6 endoplasms
  4 giant cockroaches
  4 goblins
  3 hobgoblins
  6 kobolds
  3 quokkas
  8 bats
  7 frilled lizards
  6 rats
52 creatures vanquished.

Notes
Turn   | Place    | Note
-------+----------+-------------------------------------------
     0 | D:1      | Kinoniko the Minotaur Monk began the quest for the Orb.
     0 | D:1      | Reached XP level 1. HP: 19/19 MP: 0/0
    60 | D:1      | Reached skill level 4 in Long Blades
    76 | D:1      | Reached XP level 2. HP: 10/27 MP: 1/1
   729 | D:1      | Found a faded altar of an unknown god.
   812 | D:2      | Reached XP level 3. HP: 32/33 MP: 2/2
   920 | D:2      | Noticed Terence
   931 | D:2      | Killed Terence
   932 | D:2      | Reached skill level 5 in Long Blades
  1181 | D:2      | Reached XP level 4. HP: 26/41 MP: 3/3
  2126 | D:3      | Noticed Grinder
  2136 | D:3      | Gained mutation: You are robust. (+10% HP) [potion of
                  | mutation]
  2136 | D:3      | Gained mutation: Your magical capacity is low. (-10% MP)
                  | [potion of mutation]
  2136 | D:3      | Gained mutation: You are strong-willed. (Will+) [potion of
                  | mutation]
  2146 | D:3      | HP: 1/45 [Grinder (6)]
  2153 | D:3      | Slain by Grinder

Illustrated notes

Levels and vault maps discovered:
D:1:      nzn_arrival_water_spiral, layout_basic,
          dreamdust_ecumenical_altar_sealed_demon
D:2:      layout_basic, uniq_terence
D:3:      layout_loops_corners, uniq_grinder

Skill      XL: |  1  2  3 |
---------------+----------+-----
Long Blades    | 4 5 |  5.5
Fighting       | 4 |  4.5
Dodging        | |  3.4
Stealth        | |  1.5

Action                   |  1- 3 |  4- 6 || total
-------------------------+-------+-------++-------
Melee: Falchion          |    85 |    39 ||   124
       Headbutt          |    12 |     7 ||    19
       Punch             |     1 |     1 ||     2
  Use: Potion            |       |     7 ||     7
 Stab: Sleeping          |     2 |       ||     2
Armor: Robe              |     2 |       ||     2
       Ring mail         |    16 |       ||    16
       Scale mail        |     2 |    11 ||    13
Dodge: Dodged            |    38 |    23 ||    61
Block: Other             |    10 |     5 ||    15

Table legend: (Time is in decaauts)
 A = Elapsed time spent in this place.
 B = Non-inter-level travel time spent in this place.
 C = Inter-level travel time spent in this place.
 D = Time resting spent in this place.
 E = Time spent auto-exploring this place.
 F = Levels seen in this place.
 G = Mean time per level.
                   A        B        C        D        E       F      G
               +--------+--------+--------+--------+--------+-----+--------+
         Total |   2166 |   2126 |     40 |      0 |   1780 |   3 |  722.0 |
       Dungeon |   2166 |   2126 |     40 |      0 |   1780 |   3 |  722.0 |
               +--------+--------+--------+--------+--------+-----+--------+

Top non-repeatable levels by time:
     D:2: 1187 daAuts
     D:1: 815 daAuts
     D:3: 164 daAuts
